 Dungeon Crawl Stone Soup version 0.30.1-3-gfc49f6343a (webtiles) character file.

Game seed: 3748809160994213630

427 xerfel the Trooper (level 7, -1/53 HPs)
             Began as a Djinni Fire Elementalist on July 20, 2023.
             Slain by an iguana (3 damage)
             ... on level 4 of the Dungeon.
             The game lasted 00:14:43 (4021 turns).

xerfel the Trooper (Djinni Fire Elementalist)       Turns: 4021, Time: 00:14:44

Health: -1/53      AC:  2    Str:  7    XL:     7   Next: 18%
Gold:   238        EV: 12    Int: 19    God:
                   SH:  0    Dex: 13

rFire   + + .        n - +1 dagger (venom)
rCold   . . .        (no shield)
rNeg    . . .        a - +0 robe
rPois   ∞            (no helmet)
rElec   .            (no cloak)
rCorr   .            (no gloves)
SInv    .            (boots unavailable)
Will    .....        (no amulet)
Stlth   ++           f - ring of protection from cold
HPRegen 0.28/turn    m - +4 ring of slaying
MPRegen 0.00/turn

%: infuse magic (-2 HP)
@: flying
A: sickness immunity, fire resistance 2, cold vulnerability 1, float, innate
caster, HP casting, extra vitality 1
a: no special abilities


You were on level 4 of the Dungeon.
You visited 1 branch of the dungeon, and saw 5 of its levels.

You collected 238 gold pieces.

Inventory:

Hand Weapons
 n - a +1 dagger of venom (weapon)
Missiles
 b - 2 boomerangs
Armour
 a - a +0 robe (worn)
Jewellery
 f - a ring of protection from cold (left hand)
 m - a +4 ring of slaying (right hand)
Scrolls
 e - a scroll of poison {unknown}
 g - a scroll of torment {unknown}
 j - 2 scrolls of vulnerability {unknown}
 l - a scroll of silence {unknown}
 o - a scroll of fear {unknown}
 p - 2 scrolls of magic mapping
 q - a scroll of teleportation {unknown}
 s - a scroll of enchant weapon {unknown}
Potions
 c - 3 potions of heal wounds {unknown}
 d - 3 potions of lignification
 h - 2 potions of haste
 i - 3 potions of might
 k - a potion of magic {unknown}
 r - a potion of attraction {unknown}


   Skills:
 + Level 4.7 Fighting
 - Level 2.1 Dodging
 - Level 1.5 Stealth
 + Level 4.4 Spellcasting


You knew the following spells:

 Your Spells              Type           Power      Damage    Failure   Level
a - Foxfire               Conj/Fire      84%        2x1d8     2%          1
b - Scorch                Fire           42%        2d7       3%          2
c - Volatile Blastmotes   Fire/Tloc      42%        2d13      6%          3
d - Inner Flame           Hex/Fire       21%        N/A       6%          3
e - Flame Wave            Conj/Fire      21%        2d8       22%         4
f - Apportation           Tloc           42%        N/A       2%          1
g - Momentum Strike       Conj/Tloc      42%        3d9       3%          2
h - Wereblood             Tmut           21%        N/A       3%          2
Your spell library was empty.

Dungeon Overview and Level Annotations

Branches:
Dungeon (5/15)
 Temple: D:4-7

Altars:

Shops:
D:1 (   D:2 (


Innate Abilities, Weirdness & Mutations

You are immune to sickness and miasma.
You are immune to poison.
Your flesh is very heat resistant. (rF++)
You are vulnerable to cold. (rC-)
You float through the air rather than walking.
You learn spells naturally, not from books.
Your magical power is your life essence.
You have superior vitality. (+4 MHP)


Message History

Your foxfire dissipates!
The foxfire hits the iguana.
The iguana is lightly wounded.
The iguana bites you!
Casting: Foxfire (safe; 2% risk of failure)
Confirm with . or Enter, or press ? or * to list all spells.
You conjure some foxfire!
The iguana bites you!
* * * LOW HITPOINT WARNING * * *
Your foxfire dissipates!
The foxfire hits the iguana but does no damage.
The iguana is lightly wounded.
Casting: Foxfire (safe; 2% risk of failure)
Confirm with . or Enter, or press ? or * to list all spells.
Flames lash the iguana.
The iguana is moderately wounded.
The iguana's fire resistance burns away.
* * * LOW HITPOINT WARNING * * *
The iguana closely misses you. The iguana attacks as you move away!
The iguana closely misses you.
The iguana is no longer more vulnerable to fire.
Casting: Scorch (safe; 3% risk of failure)
Confirm with . or Enter, or press ? or * to list all spells.
Flames lash the iguana.
The iguana is severely wounded.
The iguana's fire resistance burns away.
* * * LOW HITPOINT WARNING * * *
The iguana bites you.
* * * LOW HITPOINT WARNING * * *
Casting: Scorch (safe; 3% risk of failure)
Confirm with . or Enter, or press ? or * to list all spells.
You don't have enough health to cast this spell.
Casting: Scorch (safe; 3% risk of failure)
Confirm with . or Enter, or press ? or * to list all spells.
Okay, then.
Unknown command.
Casting: Scorch (safe; 3% risk of failure)
Confirm with . or Enter, or press ? or * to list all spells.
You don't have enough health to cast this spell.
The iguana attacks as you move away! The iguana bites you.
You die...

.# .# ###.# #.#.#....##
#.#.#<.... ######
#.#.#.#.. #....#
#.#.#.#.# #.##.#
#.#.#.#.########.##.#
#.#.#.#....l@....##.#
#####.#.#.###.....#####.#
...........>..†.........#
###.....###.#)....#######
#.#.###...#.....#
#....##.#.#.....#
###.......#.....#
...############ ###.#..


You could see an iguana (combustible).

Vanquished Creatures
  A gnoll sergeant (D:4)
  A scorpion (D:4)
  3 hounds (D:4)
  An orc wizard (D:4)
  2 adders (D:2)
  8 gnolls
  3 worms (D:2)
  A dart slug (D:1)
  4 orcs (D:4)
  5 endoplasms
  5 giant cockroaches
  6 hobgoblins
  3 jackals (D:1)
  9 kobolds
  4 quokkas
  8 ball pythons
  5 bats
  2 frilled lizards
  7 goblins
  5 rats
83 creatures vanquished.

Vanquished Creatures (others)
  192 foxfires
192 creatures vanquished.

Grand Total: 275 creatures vanquished

Notes
Turn   | Place    | Note
-------+----------+-------------------------------------------
     0 | D:1      | xerfel the Djinni Fire Elementalist began the quest for the
                  | Orb.
     0 | D:1      | xerfel set off with the following spells memorised:
                  | Foxfire, Scorch, Volatile Blastmotes, Inner Flame, Flame
                  | Wave.
     0 | D:1      | Reached XP level 1. HP: 15/15 MP: 0/0
    93 | D:1      | Reached XP level 2. HP: 22/22 MP: 0/0
   104 | D:1      | Reached skill level 1 in Fighting
   168 | D:1      | Found a faded altar of an unknown god.
   267 | D:1      | Found Gyg Inao's Weapon Boutique.
   305 | D:1      | Reached XP level 3. HP: 24/27 MP: 0/0
   305 | D:1      | Learned a level 1 spell: Apportation
   903 | D:2      | Reached XP level 4. HP: 31/33 MP: 0/0
  1128 | D:2      | Found Emaovu's Antique Weapon Emporium.
  2340 | D:3      | Reached XP level 5. HP: 33/39 MP: 0/0
  2340 | D:3      | Learned a level 2 spell: Momentum Strike
  3009 | D:4      | Reached XP level 6. HP: 25/46 MP: 0/0
  3492 | D:4      | HP: 2/48 [gnoll sergeant/+0 trident of freezing (1)]
  3495 | D:4      | Reached XP level 7. HP: 3/53 MP: 0/0
  3495 | D:4      | Learned a level 2 spell: Wereblood
  3507 | D:5      | Entered Level 5 of the Dungeon
  4020 | D:4      | HP: 2/53 [iguana (6)]
  4021 | D:4      | Slain by an iguana

Illustrated notes

Levels and vault maps discovered:
D:1:      onia_arrival_pyramid, layout_loops_ring, serial_shops, shop,
          ebering_ecumenical_altar_abandoned
D:2:      layout_loops_corners, serial_shops, shop_statue
D:3:      layout_basic
D:4:      layout_basic, nicolae_vehumet_radiance, marbit_many_paths,
          minmay_temple_entry_purple_smoke, nrook_campfire
D:5:      layout_cave_pools, lemuel_doored_altar

Skill      XL: |  1  2  3  4  5  6 |
---------------+-------------------+-----
Fighting       | 1 2 3 4 |  4.7
Spellcasting   | 3 4 |  4.4
Dodging        | |  2.1
Stealth        | |  1.5

Action                     |  1- 3 |  4- 6 |  7- 9 || total
---------------------------+-------+-------+-------++-------
   Cast: Foxfire           |    57 |    63 |     5 ||   125
         Scorch            |     6 |    34 |     2 ||    42
         Momentum Strike   |       |     1 |       ||     1
         Volatile Blastmot |       |     5 |     3 ||     8
    Use: Scroll            |     2 |     4 |       ||     6
 Armour: Robe              |     4 |     3 |       ||     7
  Dodge: Dodged            |     4 |    16 |     8 ||    28
